 Dungeon Crawl Stone Soup version 0.16-a0-1083-g6a3eec8 (webtiles) character file.

67 xcesad the Skirmisher (level 3, -1/30 HPs)
             Began as a Demonspawn Berserker on Oct 5, 2014.
             Was a Follower of Trog.
             Slain by a worm (9 damage)
             ... on level 2 of the Dungeon.
             The game lasted 00:06:16 (1498 turns).

xcesad the Skirmisher (Demonspawn Berserker)        Turns: 1498, Time: 00:06:17

HP  -1/30        AC  3     Str 18      XL: 3   Next: 98%
MP   3/3         EV 12     Int  8      God: Trog [*.....]
Gold 30          SH  0     Dex 12      Spells:  0 memorised,  2 levels left

rFire  + . .     SeeInvis .     l - +0 trident
rCold  . . .     Clarity  .     b - +0 animal skin
rNeg   . . .     rCorr    .     (no shield)
rPois  .         rRot     .     (no helmet)
rElec  .         Spirit   .     i - +0 cloak
SustAb .         Warding  .     (no gloves)
rMut   .         Stasis   .     (no boots)
Gourm  .                        (no amulet)
MR     .....                    (no ring)
                                (no ring)

@: exhausted, slowed, very slow, not resistant to hostile enchantments, very
unstealthy
A: demonic guardian 1, fire resistance 1
a: Burn Spellbooks, Berserk, Renounce Religion


You were on level 2 of the Dungeon.
You worshipped Trog.
Trog was aware of your devotion.
You were hungry.

You visited 1 branch of the dungeon, and saw 2 of its levels.

You collected 30 gold pieces.

Inventory:

Hand weapons
 a - a +0 spear
 l - a +0 trident (weapon)
Armour
 b - a +0 animal skin (worn)
 i - a +0 cloak (worn)
Comestibles
 c - a bread ration
 j - a meat ration
Scrolls
 e - 3 scrolls of identify {unknown}
 f - a scroll of enchant armour {unknown}
 g - a scroll of teleportation {unknown}
 h - a scroll of amnesia {unknown}
 k - a scroll of recharging {unknown}
 n - a scroll of fog {unknown}
 o - a scroll of blinking {unknown}
Potions
 d - 2 potions of heal wounds {unknown}
 m - a potion of confusion {unknown}


   Skills:
 + Level 3.8 Fighting
 + Level 3.3 Polearms
 + Level 2.0 Armour
 + Level 2.1 Dodging
 + Level 0.4 Stealth


You had 2 spell levels left.
You didn't know any spells.

Dungeon Overview and Level Annotations

Branches:
Dungeon (2/15)

Altars:


Innate Abilities, Weirdness & Mutations

A weak demonic guardian rushes to your aid.
Your flesh is heat resistant.


Message History

You kill the adder!
Trog accepts your kill.
You swap places.
You feel a strong urge to attack something.
You puncture the worm!
The worm is heavily wounded.
You completely miss the worm.
The worm is heavily wounded.
The worm closely misses you.
You puncture the worm!
The worm is almost dead.
Your iron imp disappears in a puff of smoke!
You are no longer berserk.
You are exhausted.
You feel yourself slow down.
You are feeling hungry.
You barely miss the worm.
The worm is almost dead.
The worm bites you!
You die...

.##.#.# #.......#############....
.#....###.#####.............#..##
...#....#.# ########...........
.#...##)#.# #.####..#.##
.#..###.#.# #.# #..#.# .#.r#
#.#.# #.# #..#.# ....# #.#.#
########.# #..#.# .##.#
#w#.#####.....##>####..#.##
.##.###.#.......@w.....[.........
.##.....#.#####.###.##.#####.#..#
..%...%...# #.# #.##.###...#...
#######.#.# #.# #.##...w.......
#.#.# #.# #.######...#... #.#.#
#.# #.# ##..##.# #.#.#####.###.##
#..##.# #.)......%.....###
#..##.#
#.#......%.w.....####..##.#


You could see a worm.

Vanquished Creatures
  3 adders (D:2)
  2 worms (D:2)
  3 giant cockroaches (D:1)
  A goblin (D:2)
  2 hobgoblins (D:1)
  4 jackals
  5 bats
  3 giant newts (D:1)
  3 kobolds (D:1)
  A quokka (D:2)
  3 rats
30 creatures vanquished.

Vanquished Creatures (others)
  An iron imp (D:2)
  A white imp (D:2)
2 creatures vanquished.

Grand Total: 32 creatures vanquished

Notes
Turn   | Place    | Note
--------------------------------------------------------------
     0 | D:1      | xcesad, the Demonspawn Berserker, began the quest for the Orb.
     0 | D:1      | Reached XP level 1. HP: 18/18 MP: 1/1
   115 | D:1      | Gained mutation: A weak demonic guardian rushes to your aid. [demonic ancestry]
   115 | D:1      | Reached XP level 2. HP: 10/24 MP: 2/2
   907 | D:2      | Gained mutation: Your flesh is heat resistant. [demonic ancestry]
   907 | D:2      | Reached XP level 3. HP: 29/29 MP: 3/3
  1345 | D:2      | HP: 1/30 [worm (10)]
  1498 | D:2      | Slain by a worm

Action                   || total
-------------------------++-------
Melee: Spear             ||    64
       Trident           ||    58
Invok: Berserk           ||     3
 Stab: Sleeping          ||     1
  Eat: Bread ration      ||     1
